 Dungeon Crawl Stone Soup version 0.28-a0-983-g1de4e0787c (webtiles) character file.

Game seed: 11443813589923838986

7583 ReteAZ the Nimble (level 11, 0/80 HPs)
             Began as an Octopode Earth Elementalist on Dec 3, 2021.
             Was an Initiate of Gozag.
             Slain by a warg (17 damage)
             ... on level 8 of the Dungeon.
             The game lasted 00:26:47 (12812 turns).

ReteAZ the Nimble (Octopode Earth Elementalist)    Turns: 12812, Time: 00:26:47

Health: 0/80       AC:  1    Str: 10    XL:     11   Next: 17%
Magic:  16/26      EV: 16    Int: 25    God:    Gozag
Gold:   2247       SH:  4    Dex: 13    Spells: 14/18 levels left

rFire   . . .      SeeInvis .     - Unarmed
rCold   . . .      Faith    .   K - +0 buckler
rNeg    . . .      Spirit   .   (helmet restricted)
rPois   .          Reflect  .   w - amulet of regeneration
rElec   .          Harm     .   m - +6 ring of intelligence
rCorr   .          Rampage  .   x - +4 ring of slaying
Will    .....                   A - ring of magical power
Stlth   +++.......              L - ring of flight
HPRegen 1.03/turn               (no ring)
MPRegen 0.20/turn               (no ring)
                                (no ring)
                                (no ring)

@: gold aura, flying
A: almost no armour, amphibious, 8 rings, camouflage 1, gelatinous body 1,
(nimble swimmer 1), tentacles
a: Renounce Religion, Potion Petition, Call Merchant, Bribe Branch


You were on level 8 of the Dungeon.
You worshipped Gozag.
Gozag was most pleased with you.
You visited 2 branches of the dungeon, and saw 10 of its levels.
You also visited: Ossuary and Bailey.

You collected 2326 gold pieces.
You paid 79 gold pieces to Gozag.

Inventory:

Hand Weapons
 e - a +0 vorpal hunting sling
Missiles
 b - 64 stones
 t - 10 poisoned darts
Armour
 K - a +0 buckler (worn)
Jewellery
 m - a +6 ring of intelligence (left tentacle)
 w - an amulet of regeneration (around mantle)
 x - a +4 ring of slaying (right tentacle)
 A - a ring of magical power (on tentacle)
 L - a ring of flight (on tentacle)
Wands
 q - a wand of flame (17)
 r - a wand of iceblast (14)
 y - a wand of paralysis (12)
 B - a wand of polymorph (8)
Scrolls
 c - 2 scrolls of immolation
 f - 3 scrolls of teleportation
 g - a scroll of noise {unknown}
 i - 2 scrolls of magic mapping
 j - a scroll of enchant armour
 k - 4 scrolls of identify
 l - 2 scrolls of fog
 p - 3 scrolls of enchant weapon
 s - a scroll of brand weapon
 u - a scroll of amnesia {unknown}
 v - 4 scrolls of blinking
 C - 2 scrolls of silence {unknown}
 D - 2 scrolls of fear {unknown}
 E - a scroll of vulnerability
 M - a scroll of torment {unknown}
Potions
 a - 2 potions of magic
 d - a potion of berserk rage {unknown}
 h - 3 potions of curing {unknown}
 n - a potion of haste {unknown}
 o - a potion of cancellation {unknown}
 z - a potion of might {unknown}
 F - 3 potions of mutation {unknown}
 G - a potion of brilliance {unknown}
 H - 3 potions of heal wounds {unknown}
 I - 4 potions of flight {unknown}
 J - 2 potions of resistance {unknown}


   Skills:
 - Level 9.0 Fighting
 + Level 9.4 Dodging
 - Level 2.6 Stealth
 + Level 1.9 Shields
 - Level 7.1 Unarmed Combat
 - Level 4.0 Spellcasting
 + Level 4.9 Conjurations
 - Level 1.0 Transmutations
 - Level 6.0 Earth Magic


You had 14 spell levels left.
You knew the following spells:

 Your Spells              Type           Power      Damage    Failure   Level
a - Sandblast             Erth           70%        2d15      1%          1
b - Stone Arrow           Conj/Erth      64%        3d11      3%          3

Your spell library contained the following spells:

 Spells                   Type           Power      Damage    Failure   Level
 Shock                    Conj/Air       68%        1d7       4%          1
 Passwall                 Tmut/Erth      18%        N/A       4%          2
 Static Discharge         Conj/Air       17%        N/A       6%          2
 Corpse Rot               Necr/Air       10%        N/A       17%         2
 Ensorcelled Hibernation  Hex/Ice        10%        N/A       17%         2
 Poisonous Vapours        Pois/Air       10%        N/A       17%         2
 Scorch                   Fire           10%        2d6       17%         2
 Petrify                  Tmut/Erth      22%        N/A       26%         4
 Swiftness                Air            5%         N/A       34%         3
 Tukima's Dance           Hex            5%         N/A       34%         3
 Flame Wave               Conj/Fire      17%        2d5       38%         4
 Sticky Flame             Conj/Fire      17%        2d4       38%         4
 Airstrike                Air            2%         N/A       75%         4
 Dispel Undead            Necr           5%         3d7       75%         4
 Lightning Bolt           Conj/Air       8%         1d21      75%         5
 Summon Cactus Giant      Summ           2%         N/A       100%        6
 Maxwell's Capacitive Co  Air            2%         ∞         100%        8


Dungeon Overview and Level Annotations

Branches:
Dungeon (9/15)             Temple (1/1) D:5            Lair (0/6) D:9
Ossuary (visited)          Bailey (visited)
    Orc: D:9-12

Altars:
Ashenzari
Cheibriados
Dithmenos
Elyvilon
Fedhas
Gozag
Hepliaklqana
Kikubaaqudgha
Makhleb
Okawaru
Qazlal
Ru
Sif Muna
Trog
Uskayaw
Vehumet
Wu Jian
Xom
Yredelemnul
Zin
The Shining One

Annotations:
D:6 exclusion: hydra


Innate Abilities, Weirdness & Mutations

You cannot wear most types of armour.
You are amphibious.
You can wear up to eight rings at the same time.
Your skin changes colour to match your surroundings (Stealth+).
Your rubbery body absorbs attacks. (AC +1, EV +1)
((You are camouflaged near water. (Stealth+)))
You have tentacles for arms and can constrict up to eight enemies at once.


Message History

Casting: Sandblast (safe; 1% risk of failure)
Confirm with . or Enter, or press ? or * to list all spells.
Aiming: Stone Arrow (mildly dangerous; 3% risk of failure)
Press: ? - help, Shift-Dir - straight line, f - warg
Aim: a warg (lightly wounded, 67% to hit)
The stone arrow hits the warg!!
The warg is heavily wounded.
Casting: Stone Arrow (mildly dangerous; 3% risk of failure)
Confirm with . or Enter, or press ? or * to list all spells.
Aiming: Stone Arrow (mildly dangerous; 3% risk of failure)
Press: ? - help, Shift-Dir - straight line, f/p - warg
Aim: a warg (heavily wounded, 67% to hit)
The stone arrow hits the warg!
You kill the warg!
Casting: Stone Arrow (mildly dangerous; 3% risk of failure)
Confirm with . or Enter, or press ? or * to list all spells.
Aiming: Stone Arrow (mildly dangerous; 3% risk of failure)
Press: ? - help, Shift-Dir - straight line, f - warg
Aim: a warg (67% to hit)
The stone arrow hits the warg!
The warg is heavily wounded.
The warg is distracted by your dazzling golden aura.
Casting: Stone Arrow (mildly dangerous; 3% risk of failure)
Confirm with . or Enter, or press ? or * to list all spells.
Aiming: Sandblast (safe; 1% risk of failure)
Press: ? - help, Shift-Dir - straight line, f/p - warg
Aim: a warg (heavily wounded, 77% to hit)
The blast of sand misses the warg.
The warg howls!
The warg barely misses you.
Casting: Sandblast (safe; 1% risk of failure)
Confirm with . or Enter, or press ? or * to list all spells.
Aiming: Sandblast (safe; 1% risk of failure)
Press: ? - help, Shift-Dir - straight line, f/p - warg
Aim: a warg (heavily wounded, 77% to hit)
The blast of sand hits the warg!
The warg is almost dead.
The warg bites you!
You die...
Your body crumbles into a pile of gold.

# #....#...#######...............
# #....#.........#..########.....
# #....#...#.....#..# #..... #
##...+...#.....#..# ##..##
####...#...#.....#..##########...
...'...'....................<#.##
..##...#..#.######..##########.#
#.######..#.######..####### #.#
................@h.$h.(..># #.#
...#####..#..######.#####h####.#
...## #..#..# #............#
....# #..#..# #..####.######
....## #..#..######...# #.#
#....###..#...........# #.#
#.........##.######...# #.#
#..#..###.#..######...###.#
.............)............###


You could see 2 wargs.

Vanquished Creatures
  An orc high priest (Bailey)
  An orc knight (Bailey)
  A cyclops (D:9)
  Joseph (D:7)
  A kobold demonologist (Bailey)
  A hornet (D:9)
  Prince Ribbit (D:7)
  A wyvern (D:8)
  A warg (D:8)
  3 water moccasins
  11 orc warriors
  2 ice beasts
  A sky beast (D:6)
  3 necrophages
  6 ogres
  3 centaurs
  2 elf zombies (Ossuary)
  A phantom (D:5)
  A kobold brigand (D:9)
  3 bullfrogs
  6 scorpions
  A water moccasin zombie (D:7)
  A water moccasin skeleton (D:7)
  6 killer bees (D:8)
  6 electric eels
  A howler monkey (D:8)
  6 centaur zombies
  A human zombie (Ossuary)
  3 hounds
  3 orc priests
  2 centaur skeletons
  3 jellies
  An iguana (D:6)
  2 orc wizards
  A killer bee zombie (D:7)
  2 mummies (Ossuary)
  A howler monkey zombie (D:6)
  5 gnolls (Bailey)
  3 howler monkey skeletons
  5 adders
  A shadow imp (D:7)
  A white imp (D:6)
  2 ufetubi
  3 dart slugs
  23 orcs
  2 endoplasms (D:2)
  3 giant cockroaches
  16 goblins
  10 hobgoblins
  A jackal (D:4)
  7 kobolds
  6 quokkas
  4 ball pythons
  7 bats
  6 frilled lizards
  10 hobgoblin zombies (Ossuary)
  3 jackal zombies (Ossuary)
  7 kobold zombies (Ossuary)
  9 orc zombies (Ossuary)
  8 rats
  A rat zombie (Ossuary)
234 creatures vanquished.

Vanquished Creatures (others)
  16 plants (D:1)
16 creatures vanquished.

Grand Total: 250 creatures vanquished

Notes
Turn   | Place    | Note
-------+----------+-------------------------------------------
     0 | D:1      | ReteAZ the Octopode Earth Elementalist began the quest for
                  | the Orb.
     0 | D:1      | Reached XP level 1. HP: 11/11 MP: 3/3
   308 | D:1      | Reached XP level 2. HP: 12/17 MP: 3/5
   989 | D:2      | Reached XP level 3. HP: 15/21 MP: 4/6
  1108 | D:2      | Learned a level 3 spell: Stone Arrow
  2296 | D:3      | Found a broken altar of Ashenzari.
  2297 | D:3      | Noticed a scorpion
  2975 | D:3      | Killed a scorpion
  2976 | D:3      | Reached skill level 1 in Conjurations
  2976 | D:3      | Reached XP level 4. HP: 10/27 MP: 2/8
  2976 | D:3      | Reached XP level 5. HP: 11/31 MP: 2/9
  3443 | D:4      | Reached skill level 5 in Earth Magic
  3589 | D:4      | Reached XP level 6. HP: 34/36 MP: 8/11
  4047 | D:4      | Found a shadowy altar of Dithmenos.
  4047 | D:4      | Found a glowing silver altar of Zin.
  4565 | D:5      | Entered Level 5 of the Dungeon
  4764 | D:5      | Reached skill level 1 in Fighting
  4764 | D:5      | Reached skill level 1 in Unarmed Combat
  4973 | D:5      | Reached XP level 7. HP: 43/43 MP: 2/13
  5493 | D:5      | Found a staircase to the Ecumenical Temple.
  5503 | Temple   | Entered the Ecumenical Temple
  5520 | Temple   | Became a worshipper of Gozag Ym Sagoz the Greedy
  6118 | D:5      | Found a white marble altar of Elyvilon.
  6123 | D:5      | Found an iron altar of Okawaru.
  6449 | D:6      | Reached XP level 8. HP: 52/52 MP: 14/14
  6654 | D:6      | Found an ancient bone altar of Kikubaaqudgha.
  7021 | D:6      | Noticed a six-headed hydra
  7336 | D:6      | Reached skill level 5 in Dodging
  7559 | D:6      | Reached skill level 5 in Fighting
  7559 | D:6      | Reached skill level 5 in Unarmed Combat
  7559 | D:6      | Reached XP level 9. HP: 61/61 MP: 15/15
  7876 | D:7      | Noticed Joseph
  7963 | D:7      | Found a flagged portal.
  8041 | Bailey   | Entered a bailey
  8451 | Bailey   | Noticed an orc high priest
  8458 | Bailey   | Noticed an orange demon
  8497 | Bailey   | Noticed a kobold demonologist
  8639 | Bailey   | Killed an orc high priest
  8752 | Bailey   | Noticed a smoke demon
  8752 | Bailey   | Killed a kobold demonologist
  8753 | Bailey   | Reached XP level 10. HP: 69/69 MP: 2/16
  8866 | Bailey   | Found an iron altar of Okawaru.
  9009 | Bailey   | Noticed an orc knight
  9129 | Bailey   | Killed an orc knight
  9556 | Bailey   | Acquired 602 gold pieces
  9601 | D:7      | Killed Joseph
  9941 | D:7      | Noticed Prince Ribbit
  9986 | D:7      | Killed Prince Ribbit
 10582 | D:7      | Identified the +6 spear of Ojecrify {drain, rN+ Will+
                  | Str-3}
 11129 | D:8      | Found a sand-covered staircase.
 11138 | Ossuary  | Entered an ossuary
 11542 | D:8      | Reached XP level 11. HP: 68/78 MP: 17/17
 11639 | D:8      | Noticed a deep elf pyromancer
 11639 | D:8      | Noticed a five-headed hydra
 12476 | D:9      | Reached skill level 1 in Shields
 12606 | D:9      | Noticed a cyclops
 12624 | D:9      | Killed a cyclops
 12775 | D:9      | Found a staircase to the Lair.
 12812 | D:8      | Slain by a warg

Illustrated notes

Levels and vault maps discovered:
D:1:      roderic_crop_circles_arrival_small, layout_rooms
D:2:      layout_loops_ring
D:3:      layout_loops_ring, mainiacjoe_overflow_cross_hatched,
          nicolae_elevator_lobby_asterisk
D:4:      minmay_bubble_buster, layout_gridville,
          mainiacjoe_overflow_divided_tiny, nicolae_figureground_sparkle
D:5:      layout_basic, minitemple, minmay_temple_entry_antechambers
D:6:      wad_river_or_something, layout_basic, nicolae_overflow_crystal_walls
D:7:      layout_layer_cave, enter_bailey_5, uniq_joseph, uniq_prince_ribbit1
D:8:      layout_basic, enter_ossuary_1, lightli_corner_chamber
D:9:      layout_gridville, erik_lair_orcish_takeover
Temple:   regret_index_temple_waves

Skill      XL: |  1  2  3  4  5  6  7  8  9 10 11 |
---------------+----------------------------------+-----
Earth Magic    | 4 5 6 |  6.0
Conjurations   | 1 2 3 4 |  4.9
Spellcasting   | 3 4 |  4.0
Fighting       | 1 3 5 6 8 9 |  9.0
Unarmed Combat | 1 3 5 6 7 |  7.1
Dodging        | 3 5 7 9 |  9.4
Shields        | 1 |  1.9
Stealth        | |  2.6
Transmutations | |  1.0

Action                   |  1- 3 |  4- 6 |  7- 9 | 10-12 || total
-------------------------+-------+-------+-------+-------++-------
Melee: Unarmed           |   103 |    11 |    55 |   224 ||   393
       Constrict         |    37 |     5 |    12 |    50 ||   104
       Tentacles         |    18 |     4 |    10 |    37 ||    69
       Punch             |       |       |     1 |    16 ||    17
 Cast: Sandblast         |    18 |    25 |    50 |    20 ||   113
       Stone Arrow       |     1 |    11 |    73 |    49 ||   134
Evoke: Wand              |       |       |       |     2 ||     2
  Use: Scroll            |       |       |     2 |    10 ||    12
 Stab: Sleeping          |     9 |     1 |     3 |     8 ||    21
       Distracted        |     1 |       |       |     3 ||     4
Armor: Skin              |     9 |       |     9 |    13 ||    31
Dodge: Dodged            |    68 |    12 |    49 |   182 ||   311
Block: Buckler           |       |       |       |     6 ||     6

Table legend: (Time is in decaauts)
 A = Elapsed time spent in this place.
 B = Non-inter-level travel time spent in this place.
 C = Inter-level travel time spent in this place.
 D = Time resting spent in this place.
 E = Time spent auto-exploring this place.
 F = Levels seen in this place.
 G = Mean time per level.
                   A        B        C        D        E       F      G
               +--------+--------+--------+--------+--------+-----+--------+
         Total |  12784 |  12434 |    350 |   1916 |   7805 |  12 | 1065.3 |
       Dungeon |  10819 |  10485 |    334 |   1305 |   7252 |   9 | 1202.1 |
        Temple |    114 |     98 |     16 |      0 |     76 |   1 |  114.0 |
       Ossuary |    314 |    314 |      0 |      5 |    146 |   1 |  314.0 |
        Bailey |   1535 |   1535 |      0 |    606 |    331 |   1 | 1535.0 |
               +--------+--------+--------+--------+--------+-----+--------+

Top non-repeatable levels by time:
     D:5: 1656 daAuts
     D:6: 1600 daAuts
     D:7: 1587 daAuts
  Bailey: 1535 daAuts
     D:3: 1338 daAuts
     D:4: 1326 daAuts
     D:2: 1118 daAuts
     D:8: 1068 daAuts
     D:1: 781 daAuts
     D:9: 341 daAuts
 Ossuary: 314 daAuts
  Temple: 114 daAuts
